 Dungeon Crawl Stone Soup version 0.27-a0-836-gfc908b8576 (webtiles) character file.

Game seed: 13042363897912018523

5 Aviak the Ducker (level 1, 0/20 HPs)
             Began as a Djinni Monk on Mar 31, 2021.
             Slain by a goblin
             ... wielding a +0 dagger
              (1 damage)
             ... on level 1 of the Dungeon.
             The game lasted 00:00:25 (112 turns).

Aviak the Ducker (Djinni Monk)                       Turns: 112, Time: 00:00:26

Health: 0/20       AC:  2    Str: 10    XL:     1   Next: 80%
Gold:   0          EV: 13    Int: 11    God:
                   SH:  0    Dex: 15

rFire    + + .     SeeInvis .   a - +0 falchion
rCold    x . .     Faith    .   (no shield)
rNeg     . . .     Spirit   .   b - +0 robe
rPois    ∞         Reflect  .   (no helmet)
rElec    .         Harm     .   (no cloak)
rCorr    .         Rampage  .   (no gloves)
Will     .....                  (boots unavailable)
Stlth    ++........             (no amulet)
HPRegen  0.06/turn              (no ring)
MPRegen  0.00/turn              (no ring)

@: flying
A: fire resistance 2, cold vulnerability 1, float, innate caster, hp casting,
extra vitality 1
a: no special abilities


You were on level 1 of the Dungeon.
You visited 1 branch of the dungeon, and saw 1 of its levels.

Inventory:

Hand Weapons
 a - a +0 falchion (weapon)
Armour
 b - a +0 robe (worn)


   Skills:
 + Level 3.1 Fighting
 + Level 2.8 Long Blades
 + Level 3.4 Dodging
 - Level 1.5 Stealth
 + Level 0.3 Spellcasting


You couldn't memorise any spells.
You didn't know any spells.
Your spell library was empty.

Dungeon Overview and Level Annotations

Branches:
Dungeon (1/15)

Altars:


Innate Abilities, Weirdness & Mutations

You are immune to poison.
Your flesh is very heat resistant. (rF++)
You are vulnerable to cold. (rC-)
You float through the air rather than walking.
You learn spells naturally, not from books.
Your magical power is your life essence.
You have superior vitality. (+4 HP)


Message History

A goblin is nearby!
The goblin shouts!
You hear a shout! x3
Found a leatherbound book.
A goblin and a kobold come into view.
The kobold is wielding a +1 dagger of venom.
The goblin shouts!
You barely miss the goblin. The goblin barely misses you.
A kobold comes into view. It is wielding a +0 club.
You closely miss the goblin. The goblin hits you with a +0 club.
You hit the goblin.
You kill the goblin!
You hit the kobold but do no damage. The kobold closely misses you.
The kobold barely misses you.
You riposte.
You hit the kobold.
You kill the kobold!
The goblin barely misses you.
Things that are here:
a +1 dagger of venom; a kobold corpse You closely miss the goblin.
The goblin hits you with a +0 dagger.
You closely miss the kobold. The kobold barely misses you.
You riposte.
You barely miss the kobold. The goblin closely misses you.
You riposte.
You closely miss the goblin. The kobold misses you.
The goblin hits you with a +0 dagger.
You barely miss the kobold. The kobold hits you with a +0 club.
The goblin hits you but does no damage.
You closely miss the kobold. The kobold hits you with a +0 club.
The goblin hits you with a +0 dagger.
* * * LOW HITPOINT WARNING * * *
Unknown command.
The kobold throws a stone.
The stone barely misses you.
You closely miss the goblin. The goblin hits you but does no damage.
You closely miss the goblin. The goblin hits you with a +0 dagger.
* * * LOW HITPOINT WARNING * * *
Unknown command.
You aren't carrying any potions.
You aren't carrying any scrolls.
You aren't carrying any items that you can evoke.
You hit the goblin.
The goblin is heavily wounded.
The goblin hits you with a +0 dagger.
You die...

#####...(.### #)###...#
#)# ###.### ##
#####'#####...######...
#.........###.#.....:..
#.........###..........
#..⌠...⌠..##...........
#.........#..##.##.....
+....<....+.@gK).# ....
#.........######.......
#..⌠...⌠..# ......
#.........# .......
#.........# .......
#####+##### .......
.......


You could see a goblin and a kobold.

Vanquished Creatures
  2 goblins (D:1)
  A hobgoblin (D:1)
  2 kobolds (D:1)
5 creatures vanquished.

Notes
Turn   | Place    | Note
-------+----------+-------------------------------------------
     0 | D:1      | Aviak the Djinni Monk began the quest for the Orb.
     0 | D:1      | Reached XP level 1. HP: 20/20 MP: 0/0
   111 | D:1      | HP: 1/20 [goblin/+0 dagger (2)]
   112 | D:1      | Slain by a goblin

Illustrated notes

Levels and vault maps discovered:
D:1:      mushboom_english_gardens, layout_rooms

Action                   || total
-------------------------++-------
Melee: Falchion          ||    20
Armor: Robe              ||     6
Dodge: Dodged            ||    12
       Rpst.: Falchion   ||     6

Table legend: (Time is in decaauts)
 A = Elapsed time spent in this place.
 B = Non-inter-level travel time spent in this place.
 C = Inter-level travel time spent in this place.
 D = Time resting spent in this place.
 E = Time spent auto-exploring this place.
 F = Levels seen in this place.
 G = Mean time per level.
                   A        B        C        D        E       F      G
               +--------+--------+--------+--------+--------+-----+--------+
         Total |    115 |    115 |      0 |      0 |     75 |   1 |  115.0 |
       Dungeon |    115 |    115 |      0 |      0 |     75 |   1 |  115.0 |
               +--------+--------+--------+--------+--------+-----+--------+

Top non-repeatable levels by time:
     D:1: 115 daAuts
